 Dungeon Crawl Stone Soup version 0.19-a0-1932-g59670f6 (webtiles) character file.

179 taqueso the Chopper (level 5, -2/41 HPs)
             Began as a Formicid Fighter on Oct 26, 2016.
             Slain by a river rat (3 damage)
             ... in a sewer.
             The game lasted 00:04:52 (2641 turns).

taqueso the Chopper (Formicid Fighter)              Turns: 2641, Time: 00:04:52

Health: -2/41      AC:  8    Str: 25    XL:     5   Next: 90%
Magic:  5/5        EV:  9    Int:  8    God:
Gold:   92         SH:  3    Dex: 16    Spells: 0 memorised, 4 levels left

rFire  . . .     SeeInvis +     a - +0 war axe
rCold  . . .     Gourm    .     b - +0 scale mail
rNeg   + . .     Faith    .     (no shield)
rPois  .         Spirit   .     (helmet unavailable)
rElec  .         Reflect  +     (no cloak)
rCorr  .         Harm     .     (no gloves)
MR     .....                    t - +0 pair of boots
Stlth  ..........               o - +3 amulet of reflection
                                p - ring of positive energy {rN+}
                                u - +5 ring of dexterity

@: mighty, lethally poisoned (-2 -> -4)
A: permanent stasis, dig shafts and tunnels, four strong arms, antennae 3
a: Dig, Shaft Self


You were in a sewer.
You were hungry.

You visited 1 branch of the dungeon, and saw 3 of its levels.
You also visited: Sewer.

You collected 92 gold pieces.

Inventory:

Hand Weapons
 a - a +0 war axe (weapon)
Missiles
 l - 117 stones (quivered)
Armour
 b - a +0 scale mail (worn)
 c - a +0 shield
 t - a +0 pair of boots (worn)
   (You found it on level 3 of the Dungeon)
Jewellery
 o - a +3 amulet of reflection (around neck)
   (You found it on level 1 of the Dungeon)
 p - a ring of positive energy (right hand) {rN+}
   (You found it on level 1 of the Dungeon)
 u - a +5 ring of dexterity (left hand)
   (You found it on level 3 of the Dungeon)
Scrolls
 e - a scroll of immolation {unknown}
 i - 2 scrolls of blinking {unknown}
 k - 4 scrolls of identify {unknown}
 m - 2 scrolls of amnesia {unknown}
 n - 2 scrolls of random uselessness {unknown}
 q - a scroll of teleportation {unknown}
 s - 2 scrolls of magic mapping {unknown}
Comestibles
 f - 3 bread rations {@e1}
 g - 7 chunks of flesh {@w0}
 h - a royal jelly
 j - a meat ration {@e2}


   Skills:
 - Level 3.2 Fighting
 + Level 5.6 Axes
 - Level 3.2 Armour
 - Level 3.6 Shields


You had 4 spell levels left.
You didn't know any spells.

Dungeon Overview and Level Annotations

Branches:
Dungeon (3/15)

Altars:


Innate Abilities, Weirdness & Mutations

You are under a permanent stasis effect.
You can dig through walls and to a lower floor.
Your four strong arms can wield two-handed weapons with a shield.
You have a pair of large antennae on your head. (SInv)


Message History

The ooze quivers. x2
Found a gate leading back out of this place.
There is an empty arch of ancient stone here.
Aim: an ooze You throw a stone.
The stone completely misses the ooze.
Aim: an ooze You throw a stone.
The stone hits the ooze.
Aim: an ooze (lightly wounded)
You throw a stone. The stone hits the ooze.
You hear a splash.
Aim: an ooze (lightly wounded)
You throw a stone. The stone barely misses the ooze.
You hear a splash.
Aim: an ooze (lightly wounded)
You throw a stone. The stone hits the ooze.
You hear a splash.
Aim: an ooze (lightly wounded)
You throw a stone. The stone hits the ooze.
You hear a splash.
Aim: an ooze (moderately wounded)
You throw a stone. The stone barely misses the ooze.
You hear a splash.
Aim: an ooze (lightly wounded)
You throw a stone.
The stone hits the ooze but does no damage.
You hear a splash.
You hit the ooze. You slash the ooze! The ooze hits you.
You take 4 damage, and have 25/41 hp.
You hit the ooze.
You kill the ooze!
You hit the ooze. The ooze barely misses you. The ooze hits you.
You take 2 damage, and have 23/41 hp.
You are too injured to fight recklessly!
You are too injured to fight recklessly!
You are too injured to fight recklessly!
You are too injured to fight recklessly!
You are too injured to fight recklessly!
You are too injured to fight recklessly!
You are too injured to fight recklessly!
You slash the ooze!
You kill the ooze!
An adder comes into view.
The adder hisses angrily.
The adder moves out of view.
A river rat comes into view.
A river rat is nearby!
You are too injured to fight recklessly!
You are too injured to fight recklessly!
You are too injured to fight recklessly!
Aim: a river rat (hasn't noticed you)
You throw a stone.
The stone hits the river rat but does no damage.
The river rat moves out of view.
Aim: an adder You throw a stone.
The stone barely misses the adder.
You hear a splash.
Aim: an adder You throw a stone.
The stone barely misses the adder.
You hear a splash.
The adder barely misses you. The adder bites you.
You take 2 damage, and have 22/41 hp.
Aim: an adder You throw a stone.
The stone misses the adder.
You hear a splash.
The adder bites you but does no damage.
You miss the adder. The adder bites you but does no damage.
The adder bites you.
You are poisoned.
The adder poisons you!
You take 4 damage, and have 18/41 hp.
You hit the adder.
You feel sick. The adder bites you.
You take 1 damage, and have 17/41 hp.
You miss the adder.
You feel sick. The adder bites you. The adder bites you but does no damage.
You take 2 damage, and have 15/41 hp.
You hit the adder but do no damage. You block the adder's attack.
The river rat twitches its whiskers.
Unknown command.
You miss the adder.
You feel sick. The adder barely misses you. The adder bites you.
You take 2 damage, and have 13/41 hp.
You slash the adder!
You kill the adder!
The river rat bites you.
* * * LOW HITPOINT WARNING * * *
You take 6 damage, and have 7/41 hp.
You closely miss the river rat.
You feel sick. You block the river rat's attack.
You take 1 damage, and have 6/41 hp.
You slash the river rat! The river rat barely misses you.
You barely miss the river rat. The river rat bites you.
* * * LOW HITPOINT WARNING * * *
You take 5 damage, and have 2/41 hp.
You closely miss the river rat.
* * * LOW HITPOINT WARNING * * *
You feel sick. The river rat barely misses you.
You take 1 damage, and have 1/41 hp.
You feel very mighty all of a sudden. The river rat bites you.
You die...

#≈ #≈ { #≈
##≈## # ##≈≈.##
#≈##..≈.≈####..
≈≈≈≈≈.∩.≈((≈≈..
#..≈∩.# ##≈≈@##
##r## #( #( #(
.( (≈ (.


You could see a river rat.

Vanquished Creatures
  Ijyb (D:2)
  Robin (D:2)
  4 adders
  A river rat (D:3)
  2 oozes (Sewer)
  2 worms
  3 dart slugs
  2 leopard geckos (D:1)
  An orc (D:3)
  6 bats (D:1)
  4 giant cockroaches
  19 goblins
  8 hobgoblins
  A quokka (D:3)
  3 ball pythons
  5 kobolds
  12 rats
75 creatures vanquished.

Notes
Turn   | Place    | Note
-------+----------+-------------------------------------------
     0 | D:1      | taqueso the Formicid Fighter began the quest for the Orb.
     0 | D:1      | Reached XP level 1. HP: 18/18 MP: 1/1
   104 | D:1      | Reached XP level 2. HP: 19/24 MP: 2/2
   308 | D:1      | Reached skill level 3 in Axes
   633 | D:1      | Reached XP level 3. HP: 29/29 MP: 3/3
  1191 | D:2      | Reached XP level 4. HP: 35/35 MP: 4/4
  1193 | D:2      | Reached skill level 4 in Axes
  1320 | D:2      | Noticed Ijyb
  1333 | D:2      | Killed Ijyb
  1367 | D:2      | Noticed Robin
  1388 | D:2      | Killed Robin
  1388 | D:2      | Reached XP level 5. HP: 27/41 MP: 5/5
  1579 | D:2      | Reached skill level 5 in Axes
  2560 | D:3      | Found a glowing drain.
  2614 | Sewer    | Entered a sewer
  2636 | Sewer    | HP: 7/41 [river rat (6)]
  2639 | Sewer    | HP: 2/41 [river rat (5)]
  2641 | Sewer    | Slain by a river rat

Vault maps used:
D:1:      onia_arrival_larder
D:2:      serial_forest, infiniplex_forest_clump_tiny, infiniplex_forest_end_3,
          infiniplex_forest_lined_1, infiniplex_forest_end_3,
          infiniplex_forest_lined_room_2, infiniplex_forest_clump_curved,
          infiniplex_forest_lined_room_, infiniplex_forest_lined_3, uniq_robin,
          uniq_iyjb
D:3:      first_bread, portal_sewer_entry_a, hangedman_decor_growths
Sewer:    sewer_co_15_rooms

Skill      XL: |  1  2  3  4  5 |
---------------+----------------+-----
Axes           | 3 4 5 |  5.6
Fighting       | |  3.2
Armour         | |  3.2
Shields        | |  3.6

Action                   |  1- 3 |  4- 6 || total
-------------------------+-------+-------++-------
Melee: War axe           |   106 |   122 ||   228
Throw: Stone             |    45 |    53 ||    98
 Abil: Dig               |       |     3 ||     3
  Use: Potion            |       |     1 ||     1
  Eat: Chunk             |     1 |     5 ||     6
Armor: Scale mail        |    71 |    67 ||   138
Dodge: Dodged            |    57 |    58 ||   115
Block: Other             |     3 |    17 ||    20

Vault maps used:
D:1:      onia_arrival_larder
D:2:      serial_forest, infiniplex_forest_clump_tiny, infiniplex_forest_end_3,
          infiniplex_forest_lined_1, infiniplex_forest_end_3,
          infiniplex_forest_lined_room_2, infiniplex_forest_clump_curved,
          infiniplex_forest_lined_room_, infiniplex_forest_lined_3, uniq_robin,
          uniq_iyjb
D:3:      first_bread, portal_sewer_entry_a, hangedman_decor_growths
Sewer:    sewer_co_15_rooms

Table legend:
 A = Turns spent in this place as a percentage of turns spent in the entire game.
 B = Non-inter-level travel turns spent in this place as a percentage of non-inter-level travel turns spent in the entire game.
 C = Inter-level travel turns spent in this place as a percentage of turns spent in this place.
 D = Turns resting spent in this place as a percentage of non-inter-level travel turns spent in this place.
 E = Turns spent auto-exploring this place as a percentage of non-inter-level travel turns spent in this place.
 F = Non-inter-level travel turns spent in this place divided by the number of levels of this place that you've seen.
                   A       B       C       D       E      F
               +-------+-------+-------+-------+-------+----------------------
         Total | 100.0 | 100.0 |   0.2 |   0.0 |  10.7 | 201.8
       Dungeon |  95.2 |  95.2 |   0.3 |   0.0 |  11.2 | 256.0
         Sewer |   4.8 |   4.8 |   0.0 |   0.0 |   0.0 |  39.0
               +-------+-------+-------+-------+-------+----------------------

Table legend:
 A = Kills in this place as a percentage of kills in entire the game.
 B = Kills by you in this place as a percentage of kills by you in the entire game.
 C = Kills by friends in this place as a percentage of kills by friends in the entire game.
 D = Other kills in this place as a percentage of other kills in the entire game.
 E = Experience gained in this place as a percentage of experience gained in the entire game.
 F = Experience gained in this place divided by the number of levels of this place that you have seen.
                   A       B       C       D       E      F
               +-------+-------+-------+-------+-------+----------------------
         Total | 100.0 | 100.0 |  -nan |  -nan | 100.0 |  64.2
       Dungeon |  96.0 |  96.0 |  -nan |  -nan |  89.1 |  76.3
         Sewer |   4.0 |   4.0 |  -nan |  -nan |  10.9 |  28.0
               +-------+-------+-------+-------+-------+----------------------
